 Dungeon Crawl Stone Soup version 0.29-a0-384-g6960b1960d (webtiles) character file.

Game seed: 9614424057522340664

3249 Bruhh the Fighter (level 9, -2/112 HPs)
             Began as a Demonspawn Ice Elementalist on May 7, 2022.
             Slain by a boulder beetle (16 damage)
             ... on level 7 of the Dungeon.
             The game lasted 00:15:41 (7355 turns).

Bruhh the Fighter (Demonspawn Ice Elementalist)     Turns: 7355, Time: 00:15:42

Health: -2/112     AC: 31    Str:  8    XL:     9   Next: 67%
Magic:  4/18       EV:  2    Int: 21    God:
Gold:   376        SH:  0    Dex: 14    Spells: 9/20 levels left

rFire   . . .      SeeInvis .   B - +1 spear (vamp)
rCold   . . .      Faith    .   (no shield)
rNeg    . . .      Spirit   .   (body armour currently unavailable)
rPois   +          Reflect  .   (helmet currently unavailable)
rElec   .          Harm     .   (cloak currently unavailable)
rCorr   .          Rampage  .   (gloves currently unavailable)
Will    .....      NoTele   +   (boots currently unavailable)
Stlth   ++........              (no amulet)
HPRegen 0.28/turn               p - ring of poison resistance
MPRegen 0.32/turn               (no ring)

@: ice-armoured, tree-form, weak-willed
A: stationary, stasis, torment immunity, boosted hp, (hooves 2), (molten scales
1), powered by death 1, magic regeneration
a: no special abilities


You were on level 7 of the Dungeon.
You were a tree.
You visited 1 branch of the dungeon, and saw 7 of its levels.

You collected 376 gold pieces.

Inventory:

Hand Weapons
 h - a +0 spear
 B - a +1 vampiric spear (weapon)
Missiles
 z - 3 curare-tipped darts
Armour
 a - a +0 robe
 l - a +0 helmet (melded)
 t - a +1 leather armour of cold resistance (melded)
Jewellery
 k - a ring of flight
 o - an amulet of guardian spirit
 p - a ring of poison resistance (left branch)
 w - an amulet of faith
Wands
 q - a wand of flame (10)
 x - a wand of acid (3)
Scrolls
 c - a scroll of vulnerability
 e - 3 scrolls of identify
 i - a scroll of immolation
 m - a scroll of poison
 n - a scroll of blinking
 u - 2 scrolls of noise {unknown}
 y - a scroll of torment {unknown}
 A - a scroll of fog {unknown}
Potions
 b - a potion of heal wounds {unknown}
 f - 2 potions of invisibility
 j - 4 potions of lignification
 r - a potion of brilliance {unknown}
 s - a potion of resistance
 v - a potion of degeneration {unknown}


   Skills:
 - Level 8.4 Fighting
 - Level 1.7 Dodging
 - Level 1.7 Stealth
 - Level 6.0 Spellcasting
 + Level 5.4 Conjurations
 + Level 5.0 Translocations
 - Level 5.0 Ice Magic


You had 9 spell levels left.
You knew the following spells:

 Your Spells              Type           Power      Damage    Failure   Level
a - Freeze                Ice            100%       1d11      1%          1
b - Frozen Ramparts       Ice            54%        1d7       3%          3
c - Ozocubu's Armour      Ice            27%        N/A       3%          3
d - Iskenderun's Mystic   Conj/Tloc      28%        2d7       12%         4

Your spell library contained the following spells:

 Spells                   Type           Power      Damage    Failure   Level
 Gell's Gravitas          Tloc           27%        N/A       3%          3
 Teleport Other           Tloc           27%        N/A       3%          3
 Dazzling Flash           Conj/Hex       34%        N/A       10%         3
 Hailstorm                Conj/Ice       28%        3d8       12%         4
 Dispersal                Tloc           13%        N/A       88%         6
 Starburst                Conj/Fire      8%         6d4       99%         6


Dungeon Overview and Level Annotations

Branches:
Dungeon (7/15)             Temple (0/1) D:6

Altars:
Fedhas
Ru
Trog

Annotations:
D:3 1 runed translucent door, fly's ghost, amateur GrEE


Innate Abilities, Weirdness & Mutations

You are a tree.
Your roots penetrate the ground, keeping you stationary.
You cannot be teleported.
You are immune to unholy pain and torment.
Your maximum health is greatly increased.
Your equipment is partially melded.
((You have hoof-like feet.))
((You are partially covered in molten scales. (AC +2)))
You regenerate a little health from kills.
You regenerate magic rapidly.


Message History

Uppercase [Y]es or [N]o only, please.
Really abort (and waste the scroll)?
Okay, then.
The wall freezes the boulder beetle.
Flame seeps out of the boulder beetle.
The boulder beetle bites you but does no damage.
You cannot move.
Unknown command.
What are your orders? t - Creak!
Orders for allies: a - Attack new target. r - Retreat! s - Stop attacking. g - Guard the area. f - Follow me.
Anything else - Cancel.
Retreat in which direction?
Press: ? - help, Dir - move target, f - you
Okay, then.
Unknown command.
As you read the scroll of fear, it crumbles to dust.
You assume a fearsome visage.
The boulder beetle looks frightened!
The boulder beetle is engulfed in blazing flames.
Flame seeps out of the boulder beetle.
The wall freezes the boulder beetle.
Flame seeps out of the boulder beetle.
Your attack snaps the boulder beetle out of its fear.
The boulder beetle bites you but does no damage.
The air fills with toxic fumes!
As you read the scroll labelled ANOTILUQOO, it crumbles to dust.
It was a scroll of poison.
The wall freezes the boulder beetle.
Flame seeps out of the boulder beetle.
The boulder beetle bites you but does no damage.
As you read the scroll labelled ZEURON LANA, it crumbles to dust.
Magic quickly surges around you.
It was a scroll of vulnerability.
The wall freezes the boulder beetle.
Flame seeps out of the boulder beetle.
The boulder beetle bites you but does no damage.
As you read the scroll labelled QOET OGOCYOD, it crumbles to dust.
It is a scroll of identify.
n - a scroll of blinking The frozen ramparts melt away.
The boulder beetle is engulfed in blazing flames.
Flame seeps out of the boulder beetle.
The boulder beetle bites you!
You die...

### ####### ##
♣♣.♣♣#...§§# .♣
#♣...♣#.♣♣♣§#♣♣§♣♣#
#.......♣ ♣♣B§§♣..#
#♣...♣#.♣ ♣§#♣♣§♣
♣♣.♣♣#...§§# ♣)♣
#..# ♣.♣ ###§###
♣.♣ #..#♣♣.♣♣# ♣§♣
♣.♣ #..#♣.≈≈≈# ♣ ♣
♣....# #..#♣≈.♣♣#
♣[≈♣.# ###..#[♣♣♣
♣.≈..# .....#÷♣
♣.≈P #


You could see a boulder beetle (inner flame, weak-willed).

Vanquished Creatures
  A cyclops (D:6)
  Grinder (D:5)
  Sigmund (D:2)
  Eustachio (D:6)
  3 yaks (D:7)
  3 black bears
  An ice beast (D:7)
  2 orc warriors (D:7)
  A sky beast (D:6)
  2 ogres
  A phantom (D:5)
  A gnoll sergeant (D:7)
  A scorpion (D:5)
  A howler monkey (D:6)
  2 jellies (D:5)
  2 orc priests
  7 hounds
  2 gnoll shamans (D:6)
  Jessica (D:3)
  8 iguanas
  4 orc wizards
  Robin (D:2)
  5 gnolls
  4 adders
  An ufetubus (D:5)
  A worm (D:2)
  15 orcs
  3 ball pythons
  8 endoplasms
  3 giant cockroaches
  21 goblins
  4 hobgoblins
  6 jackals
  3 quokkas
  4 bats
  3 frilled lizards
  6 kobolds
  8 rats
142 creatures vanquished.

Vanquished Creatures (others)
  12 plants
12 creatures vanquished.

Grand Total: 154 creatures vanquished

Notes
Turn   | Place    | Note
-------+----------+-------------------------------------------
     0 | D:1      | Bruhh the Demonspawn Ice Elementalist began the quest for
                  | the Orb.
     0 | D:1      | Reached XP level 1. HP: 13/13 MP: 3/3
   287 | D:1      | Gained mutation: You have large cloven feet. [demonic
                  | ancestry]
   287 | D:1      | Reached XP level 2. HP: 6/19 MP: 1/5
  1353 | D:2      | Gained mutation: You regenerate magic rapidly. [demonic
                  | ancestry]
  1353 | D:2      | Reached XP level 3. HP: 17/24 MP: 0/6
  1357 | D:2      | Learned a level 3 spell: Frozen Ramparts
  1886 | D:2      | Noticed Sigmund
  1908 | D:2      | Killed Sigmund
  1909 | D:2      | Reached skill level 5 in Ice Magic
  1909 | D:2      | Gained mutation: You have hoof-like feet. [demonic
                  | ancestry]
  1909 | D:2      | Reached XP level 4. HP: 13/30 MP: 1/10
  1909 | D:2      | Gained mutation: You regenerate a little health from kills.
                  | [demonic ancestry]
  1909 | D:2      | Reached XP level 5. HP: 15/35 MP: 1/11
  2093 | D:2      | Noticed Robin
  2101 | D:2      | Killed Robin
  2148 | D:2      | Learned a level 3 spell: Ozocubu's Armour
  2425 | D:3      | Reached XP level 6. HP: 33/41 MP: 6/13
  2432 | D:3      | Reached skill level 5 in Spellcasting
  2593 | D:3      | Found a sacrificial altar of Ru.
  2647 | D:3      | Noticed Jessica
  2648 | D:3      | Found a runed translucent door.
  2649 | D:3      | Noticed fly's ghost (amateur GrEE)
  2656 | D:3      | Killed Jessica
  2679 | D:3      | Found a blossoming altar of Fedhas.
  2799 | D:3      | You fall into a shaft and drop 1 floor!
  3838 | D:5      | Entered Level 5 of the Dungeon
  4055 | D:5      | Found a bloodstained altar of Trog.
  4064 | D:5      | Reached skill level 2 in Fighting
  4064 | D:5      | Gained mutation: You are partially covered in molten
                  | scales. (AC +2) [demonic ancestry]
  4064 | D:5      | Reached XP level 7. HP: 33/50 MP: 10/16
  4066 | D:5      | Reached skill level 3 in Fighting
  4325 | D:5      | Noticed Grinder
  4344 | D:5      | Killed Grinder
  4345 | D:5      | Reached skill level 4 in Fighting
  4494 | D:5      | Reached skill level 5 in Fighting
  4602 | D:5      | Reached XP level 8. HP: 61/63 MP: 14/17
  4803 | D:5      | Reached skill level 6 in Fighting
  4991 | D:6      | Reached skill level 7 in Fighting
  5300 | D:6      | Noticed Eustachio
  5336 | D:6      | Killed Eustachio
  5336 | D:6      | Noticed a cyclops
  5337 | D:6      | Reached skill level 8 in Fighting
  5349 | D:5      | Learned a level 4 spell: Iskenderun's Mystic Blast
  5831 | D:6      | Killed a cyclops
  5832 | D:6      | Reached XP level 9. HP: 32/75 MP: 7/18
  6205 | D:6      | Found a staircase to the Ecumenical Temple.
  7077 | D:7      | Reached skill level 5 in Conjurations
  7347 | D:7      | Reached skill level 5 in Translocations
  7348 | D:7      | Noticed a boulder beetle
  7355 | D:7      | Slain by a boulder beetle

Illustrated notes

Levels and vault maps discovered:
D:1:      lightli_arrival_windingriver, layout_basic
D:2:      layout_loops_ring, minmay_misc_feat_roman, uniq_robin, uniq_sigmund
D:3:      layout_rooms, general_overflow_altar, lemuel_crystal_altar,
          hellmonk_ghost_happy_afterlife, hellmonk_ecumenical_altar_dog_temple,
          lightli_sewer_entry_pipes, nrook_campfire, uniq_jessica
D:4:      layout_cave_pods
D:5:      layout_basic, trog_ov_bears_minmay, minmay_ogre_servants, uniq_grinder
D:6:      layout_cave_pools, minmay_temple_entry_large_hall,
          grunt_decor_mini_mirrors, hangedman_abyss_or_decor_stabs,
          nicolae_grassy_gnolls, uniq_eustachio
D:7:      nzn_winding_woodlands_medium [nzn_winding_woodlands_5x5_cross,
          nzn_winding_woodlands_5x15_pathside_ponds,
          nzn_winding_woodlands_5x5_three, nzn_winding_woodlands_5x5_perimeter,
          nzn_winding_woodlands_center_pierced_h,
          nzn_winding_woodlands_5x5_closed_star,
          nzn_winding_woodlands_5x5_open_star,
          nzn_winding_woodlands_5x15_lazy_stream,
          nzn_winding_woodlands_hourglass], layout_basic, kennysheep_mini,
          enter_ossuary_4

Skill      XL: |  1  2  3  4  5  6  7  8  9 |
---------------+----------------------------+-----
Ice Magic      | 4 5 |  5.0
Spellcasting   | 4 6 |  6.0
Fighting       | 2 5 8 |  8.4
Conjurations   | 2 5 |  5.4
Translocations | 2 5 |  5.0
Dodging        | |  1.7
Stealth        | |  1.7

Action                   |  1- 3 |  4- 6 |  7- 9 || total
-------------------------+-------+-------+-------++-------
Melee: Unarmed           |     9 |     4 |       ||    13
       Kick              |     1 |    23 |    32 ||    56
       Spear             |       |    73 |   107 ||   180
 Cast: Freeze            |    47 |    24 |    82 ||   153
       Frozen Ramparts   |     3 |     8 |    18 ||    29
       Ozocubu's Armour  |       |     5 |    14 ||    19
       Iskenderun's Myst |       |       |     2 ||     2
Evoke: Wand              |       |       |    24 ||    24
  Use: Potion            |     3 |       |     5 ||     8
       Scroll            |       |       |     7 ||     7
 Stab: Sleeping          |       |     5 |     5 ||    10
Armor: Robe              |     4 |    10 |       ||    14
       Leather armour    |       |    17 |    71 ||    88
       Skin              |       |       |    10 ||    10
Dodge: Dodged            |    31 |    67 |   102 ||   200

Table legend: (Time is in decaauts)
 A = Elapsed time spent in this place.
 B = Non-inter-level travel time spent in this place.
 C = Inter-level travel time spent in this place.
 D = Time resting spent in this place.
 E = Time spent auto-exploring this place.
 F = Levels seen in this place.
 G = Mean time per level.
                   A        B        C        D        E       F      G
               +--------+--------+--------+--------+--------+-----+--------+
         Total |   7386 |   7283 |    103 |    939 |   5235 |   7 | 1055.1 |
       Dungeon |   7386 |   7283 |    103 |    939 |   5235 |   7 | 1055.1 |
               +--------+--------+--------+--------+--------+-----+--------+

Top non-repeatable levels by time:
     D:5: 1825 daAuts
     D:6: 1315 daAuts
     D:1: 1315 daAuts
     D:2: 1052 daAuts
     D:4: 1040 daAuts
     D:3: 442 daAuts
     D:7: 395 daAuts
